 Dungeon Crawl Stone Soup version 0.30-b1-2-g02819fbbbe (webtiles) character file.

Game seed: 16726181294195049069

1514030 Vorhees the Victor of a Thousand Battles (level 27, 179/179 HPs)
             Began as a Gargoyle Monk on Oct 7, 2023.
             Was the Champion of Okawaru.
             Escaped with the Orb
             ... and 3 runes on Oct 9, 2023!
             The game lasted 03:11:36 (87896 turns).

Vorhees the Victor of a Thousand Battles (GrMo)    Turns: 87896, Time: 03:11:37

Health: 179/179    AC: 58    Str: 32    XL:     27
Magic:  35/35      EV: 10    Int: 10    God:    Okawaru [******]
Gold:   6581       SH: 22    Dex: 16    Spells: 44/46 levels left

rFire   + + +        x - +9 eveningstar (vamp)
rCold   + + .        W - +3 tower shield
rNeg    + . .        b - +0 gold dragon scales
rPois   ∞            (helmet restricted)
rElec   +            U - +2 cloak {Will+}
rCorr   .            Q - +2 pair of gloves {infuse}
SInv    +            C - +2 pair of boots {rampage}
Will    ++++.        A - amulet of regeneration Stlth
                     r - ring of the Tuna {rC+ Str+6 Dex+6 SInv Stlth-}
HPRegen 1.29/turn    m - ring "Miewurosm" {Drain rElec rPois rF+++ Will+}
MPRegen 0.24/turn

%: rampage, infuse magic (1 MP)
@: flying, studying 3 skills
A: sickness immunity, AC +20, big wings, negative energy resistance 1,
electricity resistance, torment resistance 1, petrification resistance, horns 1,
talons 1, iridescent scales 1, clumsy 1, dopey 1, low MP 1, weak 1, wild magic
1, inability to drink after injury 1
0: Orb of Zot
}: 3/15 runes: decaying, serpentine, silver
a: Renounce Religion, Heroism, Finesse, Duel


You escaped.
You worshipped Okawaru.
Okawaru was exalted by your worship.
You visited 11 branches of the dungeon, and saw 51 of its levels.
You also visited: Trove and Sewer.

You collected 8639 gold pieces.
You spent 2058 gold pieces at shops.

Inventory:

Hand Weapons
 x - a +9 vampiric eveningstar (weapon)
 B - a +7 eveningstar of electrocution
Missiles
 l - 16 boomerangs
 n - 10 javelins
 s - 9 datura-tipped darts
 t - 12 atropa-tipped darts
 y - 4 throwing nets
 z - 16 silver javelins
 E - 7 boomerangs of dispersal
 O - 15 curare-tipped darts
 Y - 5 silver boomerangs (quivered)
Armour
 b - +0 gold dragon scales (worn)
 c - a +2 helmet
 C - a +2 pair of boots of rampaging (worn)
 Q - a +2 pair of gloves of infusion (worn)
 U - a +2 cloak of willpower (worn)
 V - the +1 chain mail "Huatuijown" {-Tele Str+2 Int+3 Dex+3}
   (Okawaru gifted it to you on level 14 of the Dungeon)

   Str:       It affects your strength (+2).
   Int:       It affects your intelligence (+3).
   Dex:       It affects your dexterity (+3).
   -Tele:     It prevents most forms of teleportation.
 W - a +3 tower shield (worn)
Jewellery
 m - the ring "Miewurosm" (right hand) {Drain rElec rPois rF+++ Will+}
   (You took it off a vault guard on level 5 of the Vaults)

   [ring of willpower]

   rF:        It renders you almost immune to fire.
   rElec:     It insulates you from electricity.
   rPois:     It protects you from poison.
   Drain:     It drains your maximum health when unequipped.
   Will:      It increases your willpower.
 r - the ring of the Tuna (left hand) {rC+ Str+6 Dex+6 SInv Stlth-}
   (You took it off a tengu reaver on level 5 of the Vaults)

   [ring of dexterity]

   Str:       It affects your strength (+6).
   Dex:       It affects your dexterity (+6).
   rC:        It protects you from cold.
   SInv:      It lets you see invisible.
   Stlth:     It makes you less stealthy.
 A - an amulet of regeneration (around neck)
 P - a ring of resist corrosion
 Z - the ring of Xixkucw {Wiz rN++ Str+3}
   (You found it on level 3 of the Crypt)

   [ring of wizardry]

   It improves your spell success rate.
   Str:       It affects your strength (+3).
   rN:        It greatly protects you from negative energy.
Wands
 p - a wand of iceblast (91)
 D - a wand of acid (34)
 H - a wand of flame (107)
 J - a wand of mindburst (15)
 R - a wand of digging (15)
Scrolls
 f - 10 scrolls of fear
 h - 10 scrolls of teleportation
 i - 6 scrolls of poison
 u - 6 scrolls of fog
 w - 2 scrolls of magic mapping
 G - 4 scrolls of brand weapon
 I - 5 scrolls of silence
Potions
 d - 3 potions of might
 e - 4 potions of resistance
 g - 3 potions of cancellation
 j - a potion of berserk rage
 k - 9 potions of mutation
 o - 6 potions of attraction
 q - 9 potions of lignification
 v - 3 potions of haste
 F - 16 potions of curing
 N - 7 potions of invisibility


   Skills:
 - Level 20.0 Fighting
 - Level 22.1 Maces & Flails
 - Level 20.0 Throwing
 - Level 21.0 Armour
 - Level 7.5 Dodging
 - Level 3.9 Stealth
 - Level 15.1 Shields
 - Level 10.4 Spellcasting
 - Level 7.8 Translocations
 * Level 23.8 Invocations
 + Level 3.9 Evocations


You had 44 spell levels left.
You knew the following spells:

 Your Spells              Type           Power      Damage    Failure   Level
a - Lesser Beckoning      Tloc           54%        N/A       19%         2

Your spell library contained the following spells:

 Spells                   Type           Power      Damage    Failure   Level
 Apportation              Tloc           54%        N/A       13%         1
 Blink                    Tloc           54%        N/A       19%         2
 Gell's Gravitas          Tloc           27%        N/A       34%         3
 Teleport Other           Tloc           27%        N/A       34%         3
 Momentum Strike          Conj/Tloc      32%        3d8       63%         2
 Manifold Assault         Tloc           27%        N/A       73%         4
 Portal Projectile        Hex/Tloc       32%        N/A       83%         3
 Volatile Blastmotes      Fire/Tloc      32%        2d12      83%         3
 Beastly Appendage        Tmut           12%        N/A       95%         1
 Freeze                   Ice            24%        1d4       95%         1
 Kiss of Death            Conj/Necr      24%        2d7       95%         1
 Magic Dart               Conj           24%        1d4       95%         1
 Necrotise                Necr           24%        1d5       95%         1
 Sandblast                Erth           12%        2d6       95%         1
 Shock                    Conj/Air       24%        1d4       95%         1
 Slow                     Hex            24%        N/A       95%         1
 Sting                    Tmut/Pois      24%        1d4       95%         1
 Passwall                 Tmut/Erth      5%         N/A       98%         2
 Poisonous Vapours        Pois/Air       12%        N/A       98%         2
 Scorch                   Fire           12%        2d5       98%         2
 Searing Ray              Conj           12%        2d4       98%         2
 Wereblood                Tmut           6%         N/A       98%         2
 Iskenderun's Mystic Bla  Conj/Tloc      16%        2d5       99%         4
 Confusing Touch          Hex            6%         N/A       100%        3
 Dazzling Flash           Conj/Hex       12%        N/A       100%        3
 Frozen Ramparts          Ice            12%        1d2       100%        3
 Hailstorm                Conj/Ice       6%         3d4       100%        3
 Ignite Poison            Fire/Tmut/Pois 6%         N/A       100%        3
 Inner Flame              Hex/Fire       6%         N/A       100%        3
 Mephitic Cloud           Conj/Pois/Air  6%         N/A       100%        3
 Ozocubu's Armour         Ice            6%         N/A       100%        3
 Spider Form              Tmut/Pois      6%         N/A       100%        3
 Stone Arrow              Conj/Erth      12%        3d7       100%        3
 Vampiric Draining        Necr           6%         2d6       100%        3
 Cause Fear               Hex            3%         N/A       100%        4
 Dispel Undead            Necr           6%         3d8       100%        4
 Flame Wave               Conj/Fire      6%         2d5       100%        4
 Fulminant Prism          Conj/Hex       3%         3d5       100%        4
 Ice Form                 Ice/Tmut       6%         N/A       100%        4
 Petrify                  Tmut/Erth      6%         N/A       100%        4
 Sticky Flame             Conj/Fire      6%         2d3       100%        4
 Agony                    Necr           6%         N/A       100%        5
 Alistair's Intoxication  Tmut/Pois      4%         N/A       100%        5
 Blade Hands              Tmut           3%         N/A       100%        5
 Fireball                 Conj/Fire      3%         3d4       100%        5
 Freezing Cloud           Conj/Ice/Air   3%         6-21      100%        5
 Irradiate                Conj/Tmut      3%         3d12      100%        5
 Iskenderun's Battlesphe  Conj           6%         2d6       100%        5
 Lee's Rapid Deconstruct  Erth           3%         3d5*      100%        5
 Metabolic Englaciation   Hex/Ice        3%         N/A       100%        5
 Yara's Violent Unravell  Hex/Tmut       3%         3d4       100%        5
 Conjure Ball Lightning   Conj/Air       3%         3x3d6     100%        6
 Eringya's Noxious Bog    Tmut/Pois      3%         N/A       100%        6
 Plasma Beam              Fire/Air       3%         2x1d14    100%        6
 Starburst                Conj/Fire      3%         6d3       100%        6
 Dragon Form              Tmut           3%         N/A       100%        7
 Enfeeble                 Hex            3%         N/A       100%        7
 Orb of Destruction       Conj           3%         9d5       100%        7
 Ozocubu's Refrigeration  Ice            3%         4d8       100%        7
 Storm Form               Tmut/Air       3%         N/A       100%        7
 Ignition                 Fire           3%         3d4       100%        8
 Chain Lightning          Conj/Air       3%         3d4       100%        9
 Fire Storm               Conj/Fire      3%         8d1       100%        9
 Shatter                  Erth           3%         3d7*      100%        9
 Call Imp                 Summ           Unusable   N/A       N/A         2
 Cigotuvi's Dreadful Rot  Necr/Pois/Air  Unusable   N/A       N/A         2
 Tukima's Dance           Hex            Unusable   N/A       N/A         3
 Summon Ice Beast         Ice/Summ       Unusable   N/A       N/A         4
 Summon Forest            Summ/Tloc      Unusable   N/A       N/A         5
 Death Channel            Necr           Unusable   N/A       N/A         6
 Simulacrum               Ice/Necr       Unusable   N/A       N/A         6
 Statue Form              Tmut/Erth      Unusable   N/A       N/A         6
 Summon Cactus Giant      Summ           Unusable   N/A       N/A         6
 Summon Hydra             Summ           Unusable   N/A       N/A         7

Dungeon Overview and Level Annotations

Branches:
Dungeon (15/15)            Temple (1/1) D:6            Lair (5/5) D:11
  Swamp (4/4) Lair:3        Snake (4/4) Lair:2        Slime (0/5) Lair:4
    Orc (2/2) D:11            Elf (3/3) Orc:2        Vaults (5/5) D:14
  Crypt (3/3) Vaults:2       Tomb (0/3) Crypt:3      Depths (4/4) D:15
    Zot (5/5) Depths:4      Sewer (visited)

Altars:
Ashenzari
Cheibriados
Dithmenos
Elyvilon
Fedhas
Gozag
Hepliaklqana
Kikubaaqudgha
Makhleb
Nemelex Xobeh
Okawaru
Qazlal
Ru
Sif Muna
Trog
Uskayaw
Vehumet
Wu Jian
Xom
Yredelemnul
Zin
The Shining One
Jiyva
Lugonu

Shops:
D:10 (   D:11 *   D:14 :   Orc:2 (:[*[   Elf:2 =   Snake:2 [   Snake:3 ([
Vaults:1 [   Vaults:5 :   Depths:1 (![   Depths:4 [*

Portals:
Hell: Depths:1 Depths:2 Depths:3 Depths:4
Abyss: Swamp:4 Depths:1 Depths:2 Depths:3
Pandemonium: Depths:2 Depths:3 Depths:4
Ziggurat: Depths:2

Annotations:
D:10 1 runed translucent door
D:12 1 transporter, Vorhees's ghost, journeyman GrMo
Depths:1 1 runed translucent door
Depths:2 3 runed translucent doors, Poanarph's ghost, veteran GrVM
Zot:2 1 runed translucent door, Syrassil's ghost, master MiFi


Innate Abilities, Weirdness & Mutations

You are immune to sickness and miasma.
Your stone body is resilient. (AC +20)
You are immune to poison.
Your large and strong wings let you fly.
You resist negative energy. (rN+)
You are resistant to electric shocks. (rElec)
You are resistant to unholy torment.
You are immune to petrification.
You have a pair of small horns on your head.
You have sharp toenails.
You are partially covered in iridescent scales. (AC +2)
You are clumsy. (Dex -2)
You are dopey. (Int -2)
Your magical capacity is low. (-10% MP)
You are weak. (Str -2)
Your spells are a little harder to cast, but a little more powerful.
You occasionally lose the ability to drink potions when taking damage.


Message History

There is a stone staircase leading down here.
Unknown command.
There is a stone staircase leading up here.
You fly upwards.
There is a stone staircase leading down here.
You see here a +0 dagger.
An Orb Guardian comes into view.
You rampage towards the Orb Guardian!
You barely miss the Orb Guardian.
You headbutt the Orb Guardian, but do no damage.
You impale the Orb Guardian!!
You headbutt the Orb Guardian, but do no damage.
The Orb Guardian is moderately wounded.
You block the Orb Guardian's attack.
You puncture the Orb Guardian!
You headbutt the Orb Guardian, but do no damage.
The Orb Guardian is heavily wounded.
The Orb Guardian hits you!
You puncture the Orb Guardian!
You feel better.
The Orb Guardian is heavily wounded.
You block the Orb Guardian's attack.
You perforate the Orb Guardian like a sieve!!!
You feel better.
You kill the Orb Guardian!
Okawaru accepts your kill.
Your life force feels restored.
No target in view!
No target in view!
HP restored.
Your extra speed is starting to run out.
You feel yourself slow down.
Magic restored.
Things that are here:
a +0 dagger; a +0 club; a goblin skeleton
Aiming: Dig
Press: ? - help, Shift-Dir - straight line You can't see that place. [the floor.]
The rock shatters into small pieces.
There is a staircase leading out of the dungeon here.
You have escaped!

####...##...#######..###
###....######## #####.# #
#....### ###.#...# # ### ##.#..#
###......## # ..## ##..#.##
##.......## # ...###..####
####........# # ##)##..##
###..........## #
##.##.#########.......#....# #
..).............@....#.....# #
.###.###.##........##.....## ###
.#)....#..#...##.###..(....# #..
.#)>...#..###.#####.#.###.#####.#
..).).....#################.....#
.#[....#....................#####
.#.....#...#############.####
.###.###..## #.# .........## #.#


There were no monsters in sight!

Vanquished Creatures
  2 ancient liches
  4 dread liches
  4 orbs of fire
  Sojobo (D:15)
  Boris (Vaults:5)
  Margery (Vaults:2)
  Vashnia (Snake:2)
  5 Killer Klowns (Zot:5)
  2 curse toes
  A bone dragon (Zot:1)
  Nikola (D:15)
  The ghost of yalue the Executioner, an adept MiFi of the Shining One (Crypt:3)
  10 golden dragons
  2 electric golems (Zot:5)
  Zenata (Vaults:2)
  3 doom hounds (Zot:1)
  10 tentacled monstrosities
  A walking earthen tome (Depths:3)
  A walking frostbound tome (Depths:1)
  3 liches
  Asterion (Vaults:2)
  Grunn (Zot:1)
  4 deep elf blademasters
  27 Orb Guardians
  2 deep elf master archers (Elf:3)
  Gastronok (Lair:1)
  4 titans
  7 quicksilver dragons
  4 ancient champions
  5 sphinxes
  4 thorn hunters
  9 death cobs
  Agnes (D:15)
  13 shadow dragons
  3 nagarajas
  12 storm dragons
  Donald (Elf:3)
  9 tengu reavers
  5 fire giants
  A fenstrider witch (shapeshifter) (Vaults:5)
  5 draconian monks
  A fenstrider witch (Swamp:4)
  5 revenants
  5 draconian scorchers
  2 draconian knights
  An iron dragon (Depths:2)
  3 frost giants
  12 vault wardens
  Aizul (Snake:3)
  7 deep elf sorcerers
  A spectral juggernaut (Crypt:3)
  6 ghost moths
  2 curse skulls
  6 ghouls
  3 draconian stormcallers (Zot:2)
  8 draconian shifters
  A caustic shrike zombie (Crypt:2)
  2 spriggan defenders
  21 very ugly things
  A cacodemon (Depths:2)
  2 orc warlords
  A quicksilver ooze (shapeshifter) (Vaults:5)
  2 war gargoyles
  8 draconian annihilators
  8 ironbound thunderhulks
  2 reapers
  15 ironbound preservers
  12 stone giants
  3 vampire knights
  2 juggernaut skeletons
  10 green draconians
  6 bunyips
  17 black draconians
  Nessos (D:13)
  4 dire elephants (Vaults:4)
  2 eleionomae
  18 yellow draconians
  6 deep elf demonologists
  7 deep elf annihilators
  A spectral titan (Crypt:3)
  5 purple draconians
  9 white draconians
  13 red draconians
  A blizzard demon (Depths:4)
  8 eidola
  13 deep elf death magi
  A mummy priest (Crypt:3)
  12 ettins
  A green death (Zot:5)
  12 yaktaur captains
  20 jiangshi
  A merfolk impaler (Crypt:2)
  10 fire dragons
  2 entropy weavers
  4 deep elf high priests
  Harold (Lair:2)
  A peacekeeper (Vaults:3)
  A shambling mangrove (Swamp:4)
  A great orb of eyes (Vaults:3)
  3 salamander tyrants
  2 catoblepae
  19 hydras
  2 ghost crabs (Swamp:4)
  32 vault guards
  3 spriggan air magi
  Erolcha (Orc:2)
  2 hell beasts
  8 ice dragons
  10 ironbound frosthearts
  6 centaur warriors
  2 ogre magi (Vaults:5)
  4 two-headed ogres
  7 death knights
  14 naga warriors
  5 boulder beetles
  3 alligators
  3 death yaks (Lair:5)
  9 vampire magi
  6 deep troll shamans
  11 anacondas
  6 tengu warriors
  4 orc high priests
  A shock serpent (shapeshifter) (Elf:1)
  3 spriggan berserkers (Depths:3)
  16 naga sharpshooters
  31 dancing weapons
  9 deep troll earth magi
  A spectral dire elephant (Crypt:3)
  Nergalle (D:11)
  11 shock serpents
  Sonja (D:11)
  17 deep elf knights
  24 hell knights
  A titan skeleton (Depths:1)
  19 shadow wraiths
  A fire crab (shapeshifter) (Vaults:5)
  7 salamander mystics
  5 goliath frogs
  A spectral bunyip (Crypt:3)
  4 spriggan druids
  47 deep trolls
  A sixfirhy (D:14)
  9 bog bodies
  8 iron trolls
  A glowing orange brain (Vaults:4)
  30 skeletal warriors
  9 swamp dragons
  15 deep elf archers
  10 flayed ghosts
  7 naga ritualists
  A shadow demon (Zot:1)
  2 lindwurms
  21 phantasmal warriors
  An obsidian statue (Zot:5)
  A tengu zombie (Depths:1)
  An anaconda skeleton (Crypt:1)
  14 wizards
  An orange crystal statue (Zot:5)
  20 ironbound convokers
  A lindwurm (shapeshifter) (Vaults:5)
  A harpy (Vaults:3)
  16 necromancers
  15 mana vipers
  6 cyclopes
  32 deep elf pyromancers
  42 deep elf zephyrmancers
  6 orc sorcerers
  7 will-o-the-wisps
  6 orc knights
  6 manticores
  A sphinx skeleton (Depths:1)
  26 ugly things
  A faun (shapeshifter) (Vaults:5)
  16 salamanders
  12 elephants
  24 moths of wrath
  A frost giant skeleton (Crypt:1)
  An iron dragon skeleton (Crypt:3)
  9 guardian serpents
  2 gargoyles (D:11)
  41 black mambas
  8 orange demons
  Maurice (D:13)
  18 naga magi
  15 vault sentinels
  3 torpor snails
  9 cane toads
  An unseen horror (D:11)
  A green draconian zombie (Crypt:2)
  12 freezing wraiths
  An alligator snapping turtle skeleton (Crypt:2)
  A black draconian zombie (Crypt:1)
  8 komodo dragons
  2 efreet (D:14)
  2 tormentors
  25 yaktaurs
  6 tengu conjurers
  A yaktaur skeleton (Vaults:2)
  3 ice devils
  6 guardian mummies (Crypt:3)
  2 spectral harpies (Crypt:3)
  A meliai (shapeshifter) (D:14)
  2 red devils (D:12)
  2 hellwings (Depths:3)
  5 trolls
  4 polar bears
  7 tyrant leeches
  9 hornets
  A queen bee (shapeshifter) (D:15)
  Prince Ribbit (D:7)
  A meliai zombie (Crypt:2)
  A culicivora zombie (Crypt:1)
  3 frost giant simulacra
  A satyr skeleton (Crypt:1)
  22 slime creatures
  13 flying skulls
  3 air elementals
  7 spriggans
  A spriggan (shapeshifter) (Vaults:5)
  5 water elementals
  An ettin skeleton (Vaults:2)
  9 shadows
  A culicivora (Vaults:2)
  18 humans (D:14)
  A ynoxinul (Depths:4)
  An elf zombie (Vaults:2)
  41 yaks
  5 basilisks
  A fire elemental (Elf:3)
  A redback (Vaults:4)
  A slime creature zombie (Crypt:2)
  16 wraiths
  9 vampire mosquitoes
  10 wyverns
  A steam dragon (D:7)
  34 nagas
  3 acid dragons
  4 wargs
  A glowing shapeshifter zombie (Depths:1)
  10 water moccasins
  15 swamp worms
  A floating eye (shapeshifter) (Vaults:5)
  4 black bears
  8 swamp drakes
  29 orc warriors
  A cane toad skeleton (Crypt:3)
  An ice beast (Vaults:2)
  A lindwurm skeleton (Crypt:1)
  6 ogres
  15 wolves
  A boggart (Elf:1)
  12 centaurs
  2 phantoms
  A manticore skeleton (Crypt:2)
  2 kobold brigands
  A vine stalker zombie (Crypt:1)
  2 necrophages
  6 earth elementals
  A scorpion (D:5)
  12 bullfrogs
  3 wights
  9 killer bees
  A shapeshifter skeleton (Crypt:3)
  A yak skeleton (Crypt:1)
  A wolf zombie (Crypt:1)
  8 electric eels
  3 howler monkeys
  A jelly (D:6)
  4 hounds
  A gnoll bouda (D:5)
  21 orc priests
  4 iguanas
  7 hell rats (Lair:1)
  41 orc wizards
  A sleepcap (D:4)
  Robin (D:2)
  6 gnolls (D:5)
  2 river rats (Sewer)
  17 adders
  2 shadow imps
  A swamp drake skeleton (Crypt:3)
  2 white imps
  3 ufetubi
  3 worms (D:2)
  5 dart slugs
  82 orcs
  17 ball pythons
  10 bats
  9 endoplasms
  6 giant cockroaches
  19 goblins
  11 hobgoblins
  6 jackals
  16 kobolds
  3 quokkas
  6 frilled lizards
  A hobgoblin skeleton (Crypt:3)
  An orc zombie (Crypt:2)
  24 rats
  2 briar patches (Swamp:3)
  A lurking horror (Swamp:4)
2156 creatures vanquished.

Vanquished Creatures (others)
  A deep elf knight (Elf:3)
  An iron troll (D:15)
  A deep elf archer (Elf:3)
  A deep elf zephyrmancer (Elf:1)
  2 deep elf pyromancers (Elf:2)
  A tengu conjurer (D:15)
  A bloated husk (Swamp:4)
  2 swamp drakes (Swamp:4)
  A gnoll (D:5)
  An orc (D:5)
  9 briar patches
  42 foxfires
  23 fungi
  33 plants
119 creatures vanquished.

Grand Total: 2275 creatures vanquished

Notes
Turn   | Place    | Note
-------+----------+-------------------------------------------
     0 | D:1      | Vorhees the Gargoyle Monk began the quest for the Orb.
     0 | D:1      | Reached XP level 1. HP: 14/14 MP: 1/1
   183 | D:1      | Reached XP level 2. HP: 19/19 MP: 2/2
   552 | D:1      | Reached XP level 3. HP: 23/24 MP: 3/3
  1132 | D:2      | Noticed Robin
  1683 | D:2      | Killed Robin
  1859 | D:2      | Reached XP level 4. HP: 23/29 MP: 4/4
  2030 | D:2      | Reached skill level 1 in Throwing
  2589 | D:3      | Reached XP level 5. HP: 33/34 MP: 5/5
  2639 | D:3      | Found a bloodstained altar of Trog.
  2690 | D:3      | Found a faded altar of an unknown god.
  3172 | D:3      | Reached skill level 5 in Maces & Flails
  3181 | D:3      | Reached XP level 6. HP: 17/39 MP: 6/6
  4014 | D:4      | Noticed a black bear
  4026 | D:4      | Killed a black bear
  4027 | D:4      | Reached skill level 1 in Armour
  4258 | D:4      | Reached skill level 5 in Fighting
  4258 | D:4      | Reached XP level 7. HP: 37/44 MP: 7/7
  4302 | D:4      | Found a glowing drain.
  4307 | Sewer    | Entered a sewer
  5832 | D:5      | Entered Level 5 of the Dungeon
  5861 | D:4      | Reached XP level 8. HP: 40/50 MP: 8/8
  8817 | D:6      | Found a staircase to the Ecumenical Temple.
  8845 | Temple   | Entered the Ecumenical Temple
  9044 | Temple   | Became a worshipper of Warmaster Okawaru
  9044 | Temple   | Reached * piety under Okawaru
  9044 | Temple   | Reached ** piety under Okawaru
  9750 | D:7      | Reached XP level 9. HP: 15/56 MP: 9/9
 10375 | D:7      | Noticed a hornet
 10514 | D:6      | Killed a hornet
 10733 | D:7      | Reached skill level 5 in Armour
 10742 | D:7      | Noticed Prince Ribbit
 10755 | D:7      | Killed Prince Ribbit
 11027 | D:8      | Noticed a two-headed ogre
 11032 | D:8      | Reached *** piety under Okawaru
 11039 | D:7      | Reached skill level 10 in Maces & Flails
 11148 | D:8      | Killed a two-headed ogre
 11149 | D:8      | Reached XP level 10. HP: 51/63 MP: 10/10
 11200 | D:7      | Received a gift from Okawaru
 11738 | D:8      | Reached **** piety under Okawaru
 12345 | D:9      | Received a gift from Okawaru
 12405 | D:9      | Noticed a fire dragon
 12737 | D:9      | Killed a fire dragon
 12737 | D:9      | Reached ***** piety under Okawaru
 12738 | D:9      | Reached skill level 1 in Invocations
 12738 | D:9      | Reached XP level 11. HP: 38/69 MP: 11/11
 12841 | D:9      | Noticed a cyclops
 12857 | D:9      | Killed a cyclops
 12858 | D:9      | Reached skill level 5 in Throwing
 12894 | D:9      | Reached skill level 2 in Invocations
 13312 | D:9      | Noticed a two-headed ogre
 13320 | D:9      | Killed a two-headed ogre
 13320 | D:9      | Received a gift from Okawaru
 13402 | D:10     | Entered Level 10 of the Dungeon
 13513 | D:10     | Found Logezuw's Antique Weapon Shoppe.
 14016 | D:10     | Noticed a wolf spider
 14017 | D:10     | Noticed a boulder beetle
 14017 | D:10     | Found a runed translucent door.
 14019 | D:10     | Noticed a fire dragon
 14019 | D:10     | Noticed a fire giant
 14019 | D:10     | Noticed an ogre mage
 14019 | D:10     | Noticed a fire dragon
 14147 | D:10     | Reached skill level 3 in Invocations
 14499 | D:11     | Found a staircase to the Lair.
 14632 | D:11     | Reached skill level 10 in Fighting
 14679 | D:11     | Found a frozen archway.
 14694 | D:11     | Found a staircase to the Orcish Mines.
 14695 | D:11     | Noticed a four-headed hydra
 14702 | D:11     | Killed a four-headed hydra
 14758 | D:11     | Noticed Nergalle
 14773 | D:11     | Killed Nergalle
 14774 | D:11     | Reached XP level 12. HP: 65/77 MP: 14/14
 14884 | D:11     | Noticed Sonja
 14891 | D:11     | Killed Sonja
 15086 | D:11     | Identified the +1 pair of boots of Weightlessness {Int+3}
                  | (Okawaru gifted it to you on level 11 of the Dungeon)
 15086 | D:11     | Received a gift from Okawaru
 15087 | D:11     | Reached skill level 4 in Invocations
 15256 | D:11     | Found Mihyir's Pet Rocks.
 15615 | Lair:1   | Entered Level 1 of the Lair of Beasts
 15662 | Lair:1   | Reached ****** piety under Okawaru
 15932 | Lair:1   | Noticed Gastronok
 15952 | Lair:1   | Killed Gastronok
 16091 | Lair:1   | You are sucked into a shaft and drop 1 floor!
 16099 | Lair:2   | Reached skill level 5 in Invocations
 16410 | Lair:1   | Identified a scroll of acquirement
 16411 | Lair:1   | Acquired a +3 eveningstar of protection
 16447 | Lair:2   | Found a staircase to the Snake Pit.
 16563 | Lair:2   | Noticed Harold
 16576 | Lair:2   | Killed Harold
 17259 | Lair:3   | Reached XP level 13. HP: 80/84 MP: 17/17
 17266 | Lair:3   | Found a staircase to the Swamp.
 17360 | Lair:3   | Received a gift from Okawaru
 17761 | Lair:3   | Reached skill level 15 in Maces & Flails
 18812 | Lair:4   | Reached skill level 6 in Invocations
 19222 | Lair:4   | Received a gift from Okawaru
 19254 | Lair:4   | Found a staircase to the Slime Pits.
 19255 | Lair:4   | Found a viscous altar of Jiyva.
 19651 | Lair:5   | Entered Level 5 of the Lair of Beasts
 20275 | Lair:5   | Received a gift from Okawaru
 20295 | Lair:5   | Gained mutation: Your large and strong wings let you fly.
                  | [Gargoyle growth]
 20295 | Lair:5   | Reached XP level 14. HP: 24/92 MP: 19/19
 20674 | Lair:5   | Reached skill level 7 in Invocations
 20859 | Lair:5   | Received a gift from Okawaru
 20883 | Lair:5   | Identified the +7 trident of Deformation {speed, *Slow Fly
                  | Int+3}
 21000 | Lair:5   | Identified the staff of fire "Wytaolis" {rF+ Dex+3}
 21265 | Orc:1    | Entered Level 1 of the Orcish Mines
 21617 | Orc:2    | Entered Level 2 of the Orcish Mines
 21685 | Orc:2    | Found a staircase to the Elven Halls.
 21792 | Orc:2    | Noticed Erolcha
 22553 | Orc:2    | Killed Erolcha
 23853 | Orc:2    | Reached skill level 10 in Armour
 23877 | Orc:2    | Noticed an orc warlord
 23920 | Orc:2    | Killed an orc warlord
 23920 | Orc:2    | Received a gift from Okawaru
 23921 | Orc:2    | Reached skill level 15 in Fighting
 24003 | Orc:2    | Found Weho's Armour Emporium.
 24131 | Orc:2    | Found Monlilex's General Store.
 24132 | Orc:2    | Found Avut's Book Emporium.
 24134 | Orc:2    | Found Qias's Antique Armour Emporium.
 24134 | Orc:2    | Found Hurr's Antique Weapon Shoppe.
 24153 | Orc:2    | Bought a scroll of acquirement for 624 gold pieces
 24153 | Orc:2    | Acquired a +1 demon whip of electrocution
 24167 | Orc:2    | Bought a brightly glowing scale mail for 333 gold pieces
 24167 | Orc:2    | Identified the +4 scale mail "Saehoer" {Will- Int+7 Dex-2
                  | Stlth+} (You bought it in a shop on level 2 of the Orcish
                  | Mines)
 24218 | Orc:2    | Bought a +2 pair of gloves of infusion for 258 gold pieces
 24306 | D:12     | Reached skill level 8 in Invocations
 24547 | D:12     | Noticed Vorhees's ghost (journeyman GrMo)
 24548 | D:12     | Found a transporter.
 24582 | D:12     | Received a gift from Okawaru
 24864 | D:12     | Reached XP level 15. HP: 98/103 MP: 18/21
 25033 | D:12     | Identified the +6 dire flail of Feekouh {venom, Str+3}
 25444 | D:13     | You are sucked into a shaft and drop 2 floors!
 25444 | D:15     | Entered Level 15 of the Dungeon
 25974 | D:15     | Received a gift from Okawaru
 26004 | D:15     | Identified the scarf of the Sky {shadows, rC+ Will- Int+5}
                  | (Okawaru gifted it to you on level 15 of the Dungeon)
 26004 | D:15     | Received a gift from Okawaru
 26038 | D:15     | Found a staircase to the Depths.
 26574 | D:13     | Noticed Nessos
 26590 | D:13     | Killed Nessos
 26856 | D:13     | Noticed Maurice
 26890 | D:13     | Killed Maurice
 27251 | D:13     | Reached skill level 1 in Shields
 27556 | D:14     | Reached skill level 10 in Throwing
 27807 | D:14     | Found a gate to the Vaults.
 27833 | D:14     | Found Anuemaka's Self-Improvement Boutique.
 27834 | D:14     | Identified the +2 sling of the Eight Servitors {freeze,
                  | rN+}
 28230 | D:14     | Identified the +1 chain mail "Huatuijown" {-Tele Str+2
                  | Int+3 Dex+3} (Okawaru gifted it to you on level 14 of the
                  | Dungeon)
 28230 | D:14     | Received a gift from Okawaru
 28646 | D:15     | Reached skill level 9 in Invocations
 28886 | D:15     | Noticed Agnes
 28893 | D:15     | Killed Agnes
 28954 | D:15     | Found a portal to a secret trove of treasure.
 29534 | Snake:1  | Entered Level 1 of the Snake Pit
 29812 | Snake:1  | Reached XP level 16. HP: 114/114 MP: 4/22
 30617 | Snake:2  | Found a snail-covered altar of Cheibriados.
 30684 | Snake:2  | Learned a level 2 spell: Lesser Beckoning
 30993 | Snake:2  | Found Kiwu's Armour Shop.
 31014 | Snake:2  | Noticed a nagaraja
 31027 | Snake:2  | Reached skill level 5 in Shields
 31035 | Snake:2  | Killed a nagaraja
 31184 | Snake:2  | Identified the +0 plate armour of Georeiwn {rF+ Int+5}
                  | (Okawaru gifted it to you on level 2 of the Snake Pit)
 31184 | Snake:2  | Received a gift from Okawaru
 31818 | Snake:3  | Noticed Vashnia
 32293 | Snake:2  | Killed Vashnia
 32400 | Snake:3  | Reached skill level 1 in Spellcasting
 32528 | Snake:3  | Found Buocowir's Weapon Emporium.
 32530 | Snake:3  | Noticed Aizul
 32547 | Snake:3  | Killed Aizul
 32548 | Snake:3  | Found Xiacik's Antique Armour Emporium.
 32557 | Snake:3  | Reached skill level 1 in Translocations
 32852 | Snake:3  | Bought a runed chain mail for 217 gold pieces
 33253 | Snake:3  | Received a gift from Okawaru
 33433 | Snake:3  | Noticed a nagaraja
 33451 | Snake:3  | Killed a nagaraja
 33759 | Snake:3  | Received a gift from Okawaru
 33760 | Snake:3  | Reached XP level 17. HP: 110/122 MP: 11/24
 34106 | Snake:4  | Entered Level 4 of the Snake Pit
 34690 | Snake:4  | Got Lialliu's Grimoire of Transposed Sculpting
 34888 | Snake:4  | Reached skill level 10 in Invocations
 35719 | Snake:4  | Identified the +1 war axe of Ash {drain, Dex+5 SInv}
 35977 | Snake:4  | Received a gift from Okawaru
 36320 | Snake:4  | Received a gift from Okawaru
 37279 | Snake:4  | Reached skill level 10 in Shields
 37317 | Snake:4  | Got a serpentine rune of Zot
 37508 | Swamp:1  | Entered Level 1 of the Swamp
 38999 | Swamp:1  | Reached XP level 18. HP: 129/129 MP: 20/25
 39838 | Swamp:2  | Acquired 594 gold pieces
 39875 | Swamp:2  | Received a gift from Okawaru
 41279 | Swamp:4  | Entered Level 4 of the Swamp
 41745 | Swamp:4  | Found a one-way gate to the infinite horrors of the Abyss.
 41747 | Swamp:4  | Found a corrupted altar of Lugonu.
 42159 | Swamp:4  | Received a gift from Okawaru
 42398 | Swamp:4  | Reached skill level 11 in Invocations
 43092 | Swamp:4  | Got a decaying rune of Zot
 43454 | Vaults:1 | Entered Level 1 of the Vaults
 43454 | Vaults:1 | You are sucked into a shaft and drop 1 floor!
 43470 | Vaults:2 | Identified the +2 scale mail of Okawaru's Approval {rF+
                  | Str+3} (Okawaru gifted it to you on level 2 of the Vaults)
 43470 | Vaults:2 | Received a gift from Okawaru
 43731 | Vaults:2 | Noticed Zenata
 44242 | Arena    | Entered the Arena
 44292 | Vaults:1 | Reached XP level 19. HP: 133/135 MP: 4/27
 44594 | Vaults:1 | Found Gethua's Armour Shoppe.
 44765 | Vaults:1 | Reached skill level 5 in Spellcasting
 44944 | Vaults:1 | Reached skill level 5 in Translocations
 46022 | Vaults:2 | Killed Zenata
 46465 | Vaults:2 | Identified the +6 hand axe of Evisceration {heavy, rF++ rC-
                  | SInv}
 46485 | Vaults:2 | Noticed Margery
 46500 | Vaults:2 | Killed Margery
 46667 | Vaults:2 | Noticed Asterion
 46671 | Vaults:2 | Identified the +0 buckler of a sewer {rC+} (Okawaru gifted
                  | it to you on level 2 of the Vaults)
 46671 | Vaults:2 | Received a gift from Okawaru
 46833 | Vaults:2 | Killed Asterion
 46834 | Vaults:2 | Reached skill level 15 in Shields
 46956 | Vaults:2 | Found a staircase to the Crypt.
 47629 | D:15     | You paid a toll of a +5 demon trident to enter a treasure
                  | trove
 47630 | Trove    | Entered a treasure trove
 47678 | Trove    | Got Sif Muna's Meditations on Charred Battling
 49660 | Vaults:3 | Reached XP level 20. HP: 129/140 MP: 0/29
 50034 | Vaults:3 | Identified the +7 mace "Usop" {venom, Will+ Dex+3}
 50082 | Vaults:3 | Identified the +11 great mace "Zuejij" {heavy, rPois rC++}
                  | (Okawaru gifted it to you on level 3 of the Vaults)
 50082 | Vaults:3 | Received a gift from Okawaru
 50138 | Vaults:3 | Reached skill level 12 in Invocations
 50419 | Vaults:4 | Reached skill level 5 in Dodging
 51224 | Vaults:4 | Identified the +1 robe "Jenioblu" {MP+9}
 51724 | Vaults:4 | Received a gift from Okawaru
 52274 | Vaults:4 | Received a gift from Okawaru
 52329 | Vaults:4 | Reached skill level 15 in Armour
 53031 | Elf:1    | Entered Level 1 of the Elven Halls
 53153 | Elf:1    | You are sucked into a shaft and drop 1 floor!
 53164 | Elf:2    | Found a runed translucent gate.
 53164 | Elf:2    | Found a runed translucent gate.
 53164 | Elf:2    | Found a runed translucent gate.
 53387 | Elf:2    | Received a gift from Okawaru
 53551 | Elf:2    | Received a gift from Okawaru
 53817 | Elf:2    | Found Noskubro's Jewellery Emporium.
 54636 | Elf:1    | Reached XP level 21. HP: 126/146 MP: 29/33
 55187 | Elf:1    | Identified the +0 plate armour of the Mantidfly {rC+ Dex+2}
                  | (Okawaru gifted it to you on level 1 of the Elven Halls)
 55187 | Elf:1    | Received a gift from Okawaru
 55298 | Elf:1    | Paralysed by an air elemental for 1 turns
 55719 | Elf:3    | Entered Level 3 of the Elven Halls
 56484 | Elf:3    | Noticed Donald
 56520 | Elf:3    | Killed Donald
 56757 | Elf:3    | Identified the +5 hand axe "Jiclis" {freeze, Will+ Int+3
                  | Dex+4}
 57283 | Elf:3    | Reached skill level 13 in Invocations
 57536 | Elf:3    | Identified the +0 chain mail of Existentialism {SInv}
 57545 | Elf:3    | Identified the staff of poison "Myhoep" {rPois rN+ Int-5
                  | Dex+3}
 57669 | Elf:3    | Identified the +2 mace of an ossuary {drain, rElec}
                  | (Okawaru gifted it to you on level 3 of the Elven Halls)
 57669 | Elf:3    | Received a gift from Okawaru
 57721 | Elf:3    | Identified the +3 scimitar "Kiwoprasm" {flame, Int+3}
 57818 | Elf:3    | Identified the staff of death "Omeeq" {Fragile Fly rPois
                  | rN+ Dex+5}
 57820 | Elf:3    | Identified the staff of earth "Qun Gute" {Str+7}
 57830 | Elf:3    | Identified the +8 scale mail of the Invisible Hand {rPois
                  | Str+3 Slay+2}
 57831 | Elf:3    | Identified the staff of death "Ynoump" {rF+++ rN+}
 58645 | Depths:1 | Entered Level 1 of the Depths
 58650 | Depths:1 | Noticed Nikola
 58654 | Depths:1 | Found a runed translucent door.
 58678 | D:15     | Killed Nikola
 58982 | Depths:1 | Noticed Sojobo
 59359 | D:15     | Reached skill level 10 in Spellcasting
 59646 | Depths:1 | Paralysed by an air elemental for 1 turns
 59825 | Depths:1 | Paralysed by an air elemental for 1 turns
 59831 | Depths:1 | Paralysed by an air elemental for 1 turns
 59837 | Depths:1 | Paralysed by an air elemental for 1 turns
 60128 | D:15     | Paralysed by an air elemental for 1 turns
 60130 | D:15     | Killed Sojobo
 60130 | D:15     | Identified the +2 scale mail "Etrusky" {Harm rF+ Regen+}
                  | (Okawaru gifted it to you on level 15 of the Dungeon)
 60130 | D:15     | Received a gift from Okawaru
 60319 | Depths:1 | Found Jotuwnu's Distillery.
 60319 | Depths:1 | Found Hoatis's Antique Weapon Shop.
 60357 | Depths:1 | Reached XP level 22. HP: 143/152 MP: 32/36
 60946 | Depths:1 | Found Ryasmagi's Antique Armour Boutique.
 60954 | Depths:1 | Bought a pair of translucent gloves for 313 gold pieces
 60954 | Depths:1 | Identified the +0 pair of gloves of Cukuc {rElec rN+} (You
                  | bought it in a shop on level 1 of the Depths)
 60954 | Depths:1 | Bought a pair of ancient gloves for 313 gold pieces
 60954 | Depths:1 | Identified the +1 pair of gloves of Orthodoxy {rElec rC++
                  | Str-4 Slay-4} (You bought it in a shop on level 1 of the
                  | Depths)
 61001 | Depths:1 | Found a gateway to Hell.
 61343 | Depths:2 | Found a one-way gateway to a ziggurat.
 61502 | Depths:2 | Identified the +1 tower shield "Hyecaqa" {Rampage rC+}
 61503 | Depths:2 | Found a radiant altar of Vehumet.
 62052 | Depths:2 | Found the +6 Majin-Bo {spellvamp, MP+6 Int+6}
 62288 | Depths:2 | Found a one-way gate leading to the halls of Pandemonium.
 62322 | Depths:2 | Found a hide-covered altar of Uskayaw.
 62886 | Depths:2 | Received a gift from Okawaru
 63004 | Depths:2 | Found a runed translucent gate.
 63005 | Depths:2 | Found a runed translucent gate.
 63006 | Depths:2 | Found a runed translucent gate.
 63007 | Depths:2 | Noticed Poanarph's ghost (veteran GrVM)
 63452 | Depths:3 | Reached skill level 14 in Invocations
 64548 | Depths:3 | Identified the +8 longbow of the Hungering Coward
                  | {antimagic, rElec rN+ Dex-5}
 64608 | Depths:3 | Found a blossoming altar of Fedhas.
 64969 | Depths:4 | Entered Level 4 of the Depths
 65498 | Depths:3 | Received a gift from Okawaru
 66349 | Depths:3 | Reached XP level 23. HP: 156/156 MP: 31/37
 67939 | Depths:4 | Found Ericaes's Antique Armour Shoppe.
 67984 | Depths:4 | Found a gate to the Realm of Zot.
 68104 | Depths:4 | Found an ancient bone altar of Kikubaaqudgha.
 68118 | Depths:4 | Found Ucaofad's Elemental Accessories.
 68168 | Depths:4 | Found a hazy altar of Hepliaklqana.
 68757 | Crypt:1  | Entered Level 1 of the Crypt
 69100 | Crypt:1  | Received a gift from Okawaru
 69199 | Crypt:1  | Identified the +5 great mace "Piucw" {distort, rElec}
                  | (Okawaru gifted it to you on level 1 of the Crypt)
 69199 | Crypt:1  | Received a gift from Okawaru
 70224 | Crypt:2  | Received a gift from Okawaru
 70601 | Crypt:2  | Reached skill level 15 in Invocations
 71407 | Crypt:3  | Entered Level 3 of the Crypt
 71632 | Crypt:3  | Received a gift from Okawaru
 71702 | Crypt:3  | Reached skill level 15 in Throwing
 71996 | Crypt:3  | Found a runed translucent gate.
 71996 | Crypt:3  | Found a runed translucent gate.
 72000 | Crypt:3  | Found a runed translucent gate.
 72005 | Crypt:3  | Noticed yalue's ghost (adept MiFi)
 72008 | Crypt:3  | Found an iron altar of Okawaru.
 72182 | Crypt:3  | Identified the +3 ring mail of Melancholy {Will+} (Okawaru
                  | gifted it to you on level 3 of the Crypt)
 72182 | Crypt:3  | Received a gift from Okawaru
 72477 | Crypt:3  | Found a staircase to the Tomb.
 72720 | Crypt:3  | Reached XP level 24. HP: 138/160 MP: 34/37
 72756 | Crypt:3  | Reached skill level 16 in Invocations
 72917 | Crypt:3  | Found a basalt altar of Yredelemnul.
 73541 | Crypt:3  | Found the +11 Singing Sword {sonic wave}
 73541 | Crypt:3  | Found the +9 sword of Zonguldrok {reap}
 73610 | Crypt:3  | Identified the ring of Xixkucw {Wiz rN++ Str+3}
 73623 | Crypt:3  | Reached XP level 25. HP: 168/168 MP: 37/37
 73736 | Crypt:3  | Killed yalue's ghost
 73964 | Crypt:3  | Reached skill level 17 in Invocations
 74058 | Crypt:3  | Identified the ring of the Swan {Str+5 Int+3 SInv}
 74063 | Crypt:3  | Identified the +3 buckler "Qalomowe" {rF++ rCorr Str-4
                  | Int+3}
 74646 | Vaults:5 | Entered Level 5 of the Vaults
 74646 | Vaults:5 | Noticed an ancient lich
 74655 | Vaults:5 | Noticed a dread lich
 74669 | Vaults:5 | Killed a dread lich
 74782 | Vaults:5 | Received a gift from Okawaru
 74789 | Vaults:5 | Noticed Boris
 74816 | Vaults:5 | Killed Boris
 74913 | Vaults:5 | Reached skill level 18 in Invocations
 75067 | Vaults:5 | Received a gift from Okawaru
 75112 | Vaults:5 | Identified the +3 leather armour of Jaig {rF+ rN+ Will+
                  | Slay+2}
 75112 | Vaults:5 | Identified the ring of the Tuna {rC+ Str+6 Dex+6 SInv
                  | Stlth-}
 75150 | Vaults:5 | Received a gift from Okawaru
 75461 | Vaults:5 | Got a silver rune of Zot
 75651 | Vaults:5 | Received a gift from Okawaru
 75659 | Vaults:5 | Reached XP level 26. HP: 156/167 MP: 28/37
 75823 | Vaults:5 | Identified the ring "Miewurosm" {Drain rElec rPois rF+++
                  | Will+}
 75961 | Vaults:5 | Killed an ancient lich
 76341 | Vaults:5 | Identified the staff of death "Siahe" {rN+ MP+9 Str+3}
 76482 | Vaults:5 | Identified the ring "Vaumnih" {rPois rC- Str+4 Int+3 Dex-2}
 76580 | Vaults:5 | Got Haagouh's Anthology of Weird Death
 76708 | Vaults:5 | Got the Anthology of Anemomancy and the Anticline
 76794 | Vaults:5 | Received a gift from Okawaru
 77094 | Vaults:5 | Found Nuec's Book Boutique.
 77514 | Zot:1    | Entered Level 1 of the Realm of Zot
 77595 | Zot:1    | Received a gift from Okawaru
 77607 | Zot:1    | Reached skill level 19 in Invocations
 78006 | Zot:1    | Identified the ring of Meoshro {rElec rF+}
 78113 | Zot:1    | Received a gift from Okawaru
 78213 | Zot:1    | Noticed Grunn
 78225 | Zot:1    | Killed Grunn
 79061 | Zot:2    | Found a runed translucent door.
 79666 | Zot:2    | Noticed Syrassil's ghost (master MiFi)
 80187 | Zot:3    | Noticed an orb of fire
 80189 | Zot:3    | Gained mutation: Your spells are a little harder to cast,
                  | but a little more powerful. [an orb of fire]
 80193 | Zot:3    | Gained mutation: Your body sometimes deteriorates upon
                  | taking damage. [an orb of fire]
 80198 | Zot:3    | Lost mutation: Your spells are a little harder to cast, but
                  | a little more powerful. [an orb of fire]
 80204 | Zot:3    | Killed an orb of fire
 80214 | Zot:3    | Noticed an orb of fire
 80221 | Zot:3    | Gained mutation: Armour fits poorly on your strangely
                  | shaped body. [an orb of fire]
 80223 | Zot:3    | Gained mutation: You do not regenerate when monsters are
                  | visible. [an orb of fire]
 80229 | Zot:3    | Gained mutation: You are vulnerable to cold. (rC-) [an orb
                  | of fire]
 80230 | Zot:3    | Gained mutation: Your spells are a little easier to cast,
                  | but a little less powerful. [an orb of fire]
 80234 | Zot:3    | Killed an orb of fire
 80365 | Zot:3    | Reached XP level 27. HP: 165/179 MP: 25/37
 80439 | Zot:3    | Lost mutation: You do not regenerate when monsters are
                  | visible. [potion of mutation]
 80439 | Zot:3    | Lost mutation: Your spells are a little easier to cast, but
                  | a little less powerful. [potion of mutation]
 80439 | Zot:3    | Gained mutation: Your body often deteriorates upon taking
                  | damage. [potion of mutation]
 80440 | Zot:3    | Lost mutation: Armour fits poorly on your strangely shaped
                  | body. [potion of mutation]
 80440 | Zot:3    | Lost mutation: You are vulnerable to cold. (rC-) [potion of
                  | mutation]
 80440 | Zot:3    | Gained mutation: You are clumsy. (Dex -2) [potion of
                  | mutation]
 80440 | Zot:3    | Gained mutation: You occasionally shout uncontrollably at
                  | your foes. [potion of mutation]
 80440 | Zot:3    | Gained mutation: Your spells are a little harder to cast,
                  | but a little more powerful. [potion of mutation]
 80441 | Zot:3    | Lost mutation: You occasionally shout uncontrollably at
                  | your foes. [potion of mutation]
 80441 | Zot:3    | Lost mutation: Your body often deteriorates upon taking
                  | damage. [potion of mutation]
 80441 | Zot:3    | Gained mutation: You have a pair of small horns on your
                  | head. [potion of mutation]
 80441 | Zot:3    | Gained mutation: You have sharp toenails. [potion of
                  | mutation]
 80441 | Zot:3    | Gained mutation: Your muscles are strong. (Str +4, Int/Dex
                  | -1) [potion of mutation]
 80442 | Zot:3    | Lost mutation: Your muscles are strong. (Str +4, Int/Dex
                  | -1) [potion of mutation]
 80442 | Zot:3    | Lost mutation: Your body sometimes deteriorates upon taking
                  | damage. [potion of mutation]
 80442 | Zot:3    | Gained mutation: Your magical capacity is low. (-10% MP)
                  | [potion of mutation]
 80442 | Zot:3    | Lost mutation: Your spells are a little harder to cast, but
                  | a little more powerful. [potion of mutation]
 80442 | Zot:3    | Gained mutation: Your spells are a little harder to cast,
                  | but a little more powerful. [potion of mutation]
 80442 | Zot:3    | Gained mutation: You are partially covered in iridescent
                  | scales. (AC +2) [potion of mutation]
 80748 | Zot:3    | Received a gift from Okawaru
 80802 | Zot:3    | Identified the +1 dagger "Goschoar" {drain, Str+3}
 81235 | Zot:3    | Identified the +7 short sword "Hydraslayer" {venom, rElec
                  | rN+ Will- Stlth+}
 81251 | Zot:3    | Identified the +7 lajatang "Rugg" {elec, rPois}
 81565 | Zot:3    | Received a gift from Okawaru
 82147 | Zot:4    | Received a gift from Okawaru
 82536 | Zot:4    | Reached skill level 20 in Invocations
 83072 | Zot:5    | Entered Level 5 of the Realm of Zot
 83245 | Zot:5    | Identified the +3 ring mail of Tanuj {Drain rPois rF+ Int+3
                  | SInv}
 84244 | Zot:5    | Noticed a dread lich
 84264 | Zot:5    | Killed a dread lich
 84281 | Zot:5    | Noticed a dread lich
 84287 | Zot:5    | Killed a dread lich
 84287 | Zot:5    | Identified the +12 battleaxe of Iduhe {freeze, Fly rPois
                  | Will+} (Okawaru gifted it to you on level 5 of the Realm of
                  | Zot)
 84287 | Zot:5    | Received a gift from Okawaru
 84288 | Zot:5    | Reached skill level 21 in Invocations
 84805 | Zot:5    | Noticed an ancient lich
 84857 | Zot:5    | Killed an ancient lich
 84864 | Zot:5    | Noticed an orb of fire
 85188 | Zot:5    | Noticed an orb of fire
 85190 | Zot:5    | Noticed a dread lich
 85194 | Zot:5    | Killed an orb of fire
 85195 | Zot:5    | Gained mutation: You occasionally lose the ability to drink
                  | potions when taking damage. [a cacodemon]
 85199 | Zot:5    | Killed a dread lich
 85214 | Arena    | Entered the Arena
 85434 | Zot:5    | Reached skill level 22 in Invocations
 85922 | Zot:5    | Received a gift from Okawaru
 85922 | Zot:5    | Found the +8 storm bow {elec, penet}
 86039 | Zot:5    | Gained mutation: You are weak. (Str -2) [an orb of fire]
 86263 | Zot:5    | Gained mutation: You are dopey. (Int -2) [an orb of fire]
 86271 | Zot:5    | Killed an orb of fire
 86321 | Zot:5    | Reached skill level 23 in Invocations
 87246 | Zot:5    | Got the Orb of Zot
 87516 | D:14     | Noticed Bigumicw the pandemonium lord
 87639 | D:9      | Noticed Mygomis the pandemonium lord
 87798 | D:3      | Noticed Joattir the pandemonium lord
 87896 | D:$      | Escaped with the Orb!

Illustrated notes

Levels and vault maps discovered:
D:1:      dpeg_arrival_arbitrary_a, layout_basic, st_stairs_3
D:2:      minmay_wonky_spiral, layout_rooms, minmay_strange_pillars,
          minmay_cut_off, uniq_robin
D:3:      kennysheep_the_goblin_king, layout_loops_ring, trog_hazing_becter,
          ebering_ecumenical_altar_webs, minmay_joined_circles
D:4:      layout_basic, gup_sewer_entry_bowl, minivault_26,
          chequers_serial_rivers_micro_c, kennysheep_generic_room_7
D:5:      layout_cave_pools
D:6:      layout_basic, minmay_temple_entry_arrows
D:7:      layout_cave_pools, uniq_prince_ribbit1
D:8:      layout_basic, blue_anna_alchemist
D:9:      layout_long_grid, grunt_ministairs_8, minmay_checkerbox
D:10:     minmay_gate_of_8, layout_layer_cave, serial_shops, shop,
          minmay_door_square
D:11:     layout_cave_pods, david_lair_generic, orc_0_dummy,
          portal_ice_cave_entry_pillars_2, guppyfry_shop_earth, uniq_nergalle,
          uniq_sonja
D:12:     layout_basic, gammafunk_ghost_smash, minmay_beelzebubs_servants
D:13:     layout_basic, uniq_nessos, uniq_maurice
D:14:     layout_loops_ring, grunt_vaults_entry_tiered,
          hangedman_abyss_or_decor_clamps, minmay_splitting_lines,
          nicolae_shop_self_help
D:15:     hangedman_depths_entry_civil_slaughter, layout_layer_cave,
          chequers_garden, enter_trove_6, uniq_agnes
Temple:   mainiacjoe_temple_starburst
Lair:1:   layout_chaotic_city, grunt_forest_small_clearings, grunt_megastairs_1,
          uniq_gastronok
Lair:2:   layout_chaotic_city, guppyfry_snake_entry_garden,
          small_statue_intersection, serial_bayou_shore_b, uniq_harold
Lair:3:   layout_layer_cave, swamp_mist
Lair:4:   dreamdust_cave_troll, layout_cellular_growth, slime_entry_1,
          grunt_megastairs_2
Lair:5:   grunt_lair_end_beastmaster, layout_layer_cave, serial_bayou_shore_a
Swamp:1:  layout_falls_marsh, hangedman_swamp_ruin_wall,
          cheibrodos_swamp_pet_leeches
Swamp:2:  layout_basic_swamp, nicolae_swamp_fairy_circle, swamp_pool1
Swamp:3:  layout_falls_marsh, evilmike_swamp_ruin_house_6
Swamp:4:  swamp_alternative, layout_basic_swamp, swamp_pool1,
          amcnicky_altar_lugonu_corruption
Snake:1:  layout_onion_interference, grunt_megastairs_5
Snake:2:  layout_cave_shapes, basic_altar, serial_shops, shop,
          nicolae_triple_integral
Snake:3:  layout_misc_corridors, grunt_ministairs_8, minmay_shop_star,
          uniq_vashnia, uniq_aizul
Snake:4:  snake_pit_salamanders_mu, layout_cave_town, library_closet,
          serial_bayou_pond_d, nicolae_snake_storage_room
Orc:1:    layout_caves, basic_altar, statue_in_the_mist_lemuel, mines4_lemuel
Orc:2:    st_orc_congregation, layout_caves, serial_shops,
          nicolae_shop_tiny_statue_garden, elves_outpost_lemuel, uniq_erolcha
Elf:1:    elf_arrival_001, layout_loops_ring, hangedman_elf_disciples
Elf:2:    elven_hall_of_blades_hangedman_original
          [nicolae_blade_entry_diamond_columns], layout_loops_cross,
          serial_shops, nicolae_shop_waterfront
Elf:3:    elf_hall_gauntlet_wide, layout_geoelf_castle, grunt_ministairs_11,
          serial_sigils_hangedman_scratch, uniq_donald
Vaults:1: nicolae_vaults_taking_the_gang_shopping, nicolae_vaults_tetromino_Z_1,
          ontoclasm_vaults_loading_screen, nicolae_vaults_murder_corner,
          layout_vaults_omnigrid
Vaults:2: nicolae_vaults_variable_pillar_hall, nicolae_vaults_three_branches,
          nicolae_vaults_trapezoid_lopsided_2, nicolae_vaults_little_squares_3,
          minmay_crypt_entry_simple_round, nicolae_vaults_hallways_thing,
          hangedman_vaults_stagger, vaults_room_hangedman_quadrants,
          serial_ice_g, hangedman_vaults_locks, layout_vaults_chaotic_city,
          uniq_asterion, uniq_margery, uniq_zenata
Vaults:3: nicolae_vaults_heart-shaped_vault, nicolae_vaults_surprise_closet,
          nicolae_vaults_closet_pinwheel_4, nicolae_vaults_trapezoid_layered,
          vaults_dpeg_emergency_exit, nicolae_vaults_double_plus_3,
          nicolae_vaults_network_square, v_pattern_2, v_misc_10,
          nicolae_vaults_trapezoid_1, nicolae_vaults_little_ls,
          st_quartered_hall, nicolae_vaults_tetromino_T_2,
          nicolae_vaults_storage_room_statues, vaults_room_door_ring,
          nicolae_vaults_ring_of_whatevers, layout_vaults_ring
Vaults:4: nicolae_vaults_weapon_check, nicolae_vaults_tangent_ellipses,
          vaults_room_door_ring, nicolae_vaults_sealed_display,
          nicolae_vaults_angled_halls, grunt_vaults_focal,
          nicolae_vaults_network_quinsquares
          [nicolae_vaults_network_quincunx_subvault,
          nicolae_vaults_network_quincunx_subvault,
          nicolae_vaults_network_quincunx_subvault,
          nicolae_vaults_network_quincunx_subvault],
          nicolae_vaults_little_squares_6, grunt_vaults_hallway_short,
          vaults_room_semicircle, nicolae_vaults_twisting_passages,
          nicolae_vaults_door_testing_chamber, vaults_dpeg_hooks,
          layout_vaults_big_cross
Vaults:5: uniq_boris
Crypt:1:  layout_rooms, grunt_crypt_arrival_webbed
Crypt:2:  layout_gridlike, wad_floor_pattern_untrapped, st_stairs_6
Crypt:3:  church_of_pain_bobbens, layout_chaotic_city, tomb_entry_shell_bobbens,
          gammafunk_ghost_fury_of_okawaru
Depths:1: layout_cave_shapes, abyss_entry, pf_hell_entry_great_geh,
          serial_shops, nicolae_shop_tiny_statue_garden, skrybe_limestone_x,
          minmay_hidden_floor, minmay_shoptagon, uniq_sojobo, uniq_nikola
Depths:2: minmay_guarded_unrand_majin_bo, layout_gridlike, enter_ziggurat_f,
          nicolae_uskayaw_en_pointe, ebering_ghost_rock_garden, abyss_entry,
          rand_demon_pan_entry_7, grunt_hell_entry_dis_old, vehumet_crystals
Depths:3: nicolae_cairo_tiling, layout_gridville, pan_entry,
          abyss_entry_crystal, pf_hell_entry_tar_spiral, fedhas_altar_3,
          minmay_staircase_statues
Depths:4: grunt_twist_and_shout, layout_cave_pools, serial_shops,
          nicolae_shop_advertising_works [nicolae_subvault_shop_adworks],
          rand_demon_pan_entry_3, kiku_gazebo_garden_becter, hell_entry,
          nrook_loot_triangle, nicolae_elemental_shop,
          worldfamousw_hep_ancestral_shrine
Zot:1:    layout_basic, st_small_dragon_hoard_5, uniq_grunn
Zot:2:    layout_gridlike, ebering_ghost_reflecting_pool,
          kennysheep_underground_church
Zot:3:    layout_basic, lemuel_lake_of_fire
Zot:4:    layout_misc_corridors, st_stairs_12
Zot:5:    layout_cellular_growth

Skill      XL: |  1  2  3  4  5  6  7  8  9 10 11 12 13 14 15 16 17 18 19 20 21 22 23 24 25 26 27 |
---------------+----------------------------------------------------------------------------------+-----
Fighting       | 4 5 6 7 8 10 11 12 15 17 19 20 | 20.0
Maces & Flails | 4 5 6 7 8 10 12 13 14 16 17 20 22 | 22.1
Throwing       | 1 2 3 4 5 7 8 9 10 11 12 13 14 15 16 17 18 20 | 20.0
Armour         | 1 2 4 5 6 7 8 9 10 11 12 13 16 17 18 21 | 21.0
Invocations    | 1 3 5 6 8 9 10 11 12 13 14 15 16 18 19 23 | 23.8
Shields        | 3 7 10 13 15 | 15.1
Spellcasting   | 2 3 4 6 8 10 | 10.4
Translocations | 1 3 4 6 7 |  7.8
Dodging        | 4 7 |  7.5
Stealth        | 3 |  3.9
Evocations     | 3 |  3.9

Action                     |  1- 3 |  4- 6 |  7- 9 | 10-12 | 13-15 | 16-18 | 19-21 | 22-24 | 25-27 || total
---------------------------+-------+-------+-------+-------+-------+-------+-------+-------+-------++-------
  Melee: Mace              |   109 |   183 |   440 |       |       |       |       |       |       ||   732
         Flail             |       |       |    26 |   424 |       |       |       |       |       ||   450
         Eveningstar       |       |       |       |    63 |  1261 |  1467 |  1860 |  1838 |  2191 ||  8680
         Headbutt          |       |       |       |       |       |       |       |       |   266 ||   266
         Unarmed           |       |       |       |       |       |       |       |       |     3 ||     3
  Throw: Dart              |       |     6 |    11 |    28 |   114 |    44 |       |       |       ||   203
         Javelin           |       |       |       |     4 |       |       |       |       |    29 ||    33
         Boomerang         |       |       |       |    48 |       |    20 |    79 |    54 |   122 ||   323
 Invoke: Heroism           |       |       |       |       |       |     3 |    10 |       |     4 ||    17
         Duel              |       |       |       |       |       |     1 |       |       |     1 ||     2
         Finesse           |       |       |       |       |       |       |     4 |       |       ||     4
  Evoke: Wand              |       |       |     1 |     7 |       |       |       |       |     7 ||    15
    Use: Scroll            |     1 |     9 |    14 |    11 |    12 |    20 |    16 |     3 |    17 ||   103
         Potion            |     1 |       |     4 |     5 |     5 |     9 |     8 |     1 |    11 ||    44
   Stab: Invisible         |       |       |       |       |     1 |       |       |       |       ||     1
 Armour: Robe              |    48 |    34 |       |       |       |       |       |       |       ||    82
         Scale mail        |       |    36 |   355 |   366 |   558 |       |       |       |       ||  1315
         Acid dragon scale |       |       |       |       |   305 |   930 |       |       |       ||  1235
         Chain mail        |       |       |       |       |       |    57 |   952 |   308 |       ||  1317
         Plate armour      |       |       |       |       |       |       |       |   650 |   298 ||   948
         Gold dragon scale |       |       |       |       |       |       |       |       |  1021 ||  1021
  Dodge: Dodged            |   124 |    97 |   373 |   314 |   570 |   495 |   382 |   372 |   502 ||  3229
  Block: Kite shield       |       |       |       |       |   116 |   638 |       |       |       ||   754
         Tower shield      |       |       |       |       |       |   346 |  1492 |  1571 |  2057 ||  5466
